 Dungeon Crawl Stone Soup version 0.18.1-50-g88ac8fd (webtiles) character file.

155 Nedvokis the Magician (level 5, -2/28 HPs)
             Began as a Deep Elf Fire Elementalist on Oct 13, 2016.
             Killed by nerve-wracking pain
             ... invoked by Grinder
              (10 damage)
             ... on level 3 of the Dungeon.
             The game lasted 00:19:00 (2113 turns).

Nedvokis the Magician (Deep Elf Fire Elementalist)  Turns: 2113, Time: 00:19:01

Health: -2/28      AC:  5    Str:  5    XL:     5   Next: 14%
Magic:  4/15       EV: 13    Int: 20    God:
Gold:   85         SH:  0    Dex: 16    Spells: 1 memorised, 14 levels left

rFire  . . .     SeeInvis .     v - +0 dagger
rCold  . . .     Gourm    .     x - +0 robe
rNeg   . . .     Faith    .     (no shield)
rPois  .         Spirit   .     (no helmet)
rElec  .         Dismiss  .     y - +0 cloak
rCorr  .         Reflect  .     e - +0 pair of gloves
SustAt .         Harm     .     u - +0 pair of boots
MR     .....                    (no amulet)
Stlth  +++.......               (no ring)
                                g - ring of stealth

@: very slightly contaminated, not resistant to hostile enchantments, fairly
stealthy
A: no striking features
a: no special abilities


You were on level 3 of the Dungeon.
You were not hungry.

You visited 1 branch of the dungeon, and saw 3 of its levels.

You collected 85 gold pieces.

Inventory:

Hand Weapons
 v - a +0 dagger (weapon)
Armour
 a - a +0 robe
 e - a +0 pair of gloves (worn)
 u - a +0 pair of boots (worn)
 x - a +0 robe (worn)
 y - a +0 cloak (worn)
Jewellery
 g - a ring of stealth (left hand)
 t - an uncursed ring of stealth
Scrolls
 j - a scroll of identify
 w - a scroll of teleportation {unknown}
Potions
 h - a potion of beneficial mutation {unknown}
 i - 2 potions of lignification {unknown}
 l - a potion of resistance
 m - a potion of curing {unknown}
 o - a potion of flight {unknown}
 p - a potion of agility {unknown}
 r - a potion of might {unknown}
Books
 b - a book of Flames

   Spells                             Type                      Level
   a - Flame Tongue                   Conjuration/Fire             1
   b - Throw Flame                    Conjuration/Fire             2
   c - Conjure Flame                  Conjuration/Fire             3
   d - Inner Flame                    Hexes/Fire                   3
   e - Sticky Flame                   Conjuration/Fire             4
   f - Fireball                       Conjuration/Fire             5
Miscellaneous
 q - a plain deck of changes
Comestibles
 c - 2 bread rations
 d - 7 chunks of flesh
 f - 2 fruits
 k - 2 beef jerkies
 n - 2 meat rations
 s - a slice of pizza


   Skills:
 * Level 2.9 Dodging
 + Level 3.4 Stealth
 + Level 5.5 Spellcasting
 * Level 1.3 Conjurations
 + Level 4.2 Fire Magic


You had 14 spell levels left.
You knew the following spells:

 Your Spells              Type           Power        Failure   Level  Hunger
a - Flame Tongue          Conj/Fire      ###..        3%          1    None


Dungeon Overview and Level Annotations

Branches:
Dungeon (3/15)

Altars:
Nemelex Xobeh

Annotations:
D:2 Ijyb
D:3 Grinder


Message History

You shrug off the repeated paralysis!
Grinder gestures at you. Pain shoots through your body!
You can move again.
Unknown command.
Grinder zaps a wand.
You hear a grinding noise.
Grinder gestures at you. Pain shoots through your body!
* * * LOW HITPOINT WARNING * * *
Casting: Flame Tongue
Confirm with . or Enter, or press ? or * to list all spells.
Aiming: Flame Tongue
Press: ? - help, Shift-Dir - straight line, f - Grinder
Aim: Grinder, carrying a wand of digging {zapped: 5} The flame tongue hits Grinder.
Grinder is moderately wounded.
Grinder gestures at you. Pain shoots through your body!
You die...

.###.###.####.#
#....#.# .###.#
#.# #.###....#.#
.<...#
#.####..##....#.#
.#####
#.##..........#.#
.#
#.##..........#.#
.####
#.##............##
....#
#.######..#.5.)..#
....# #.#
##.#..#...# ....##
#@..#).[.# ......
#..###..## .######
#....###.# .##
#..##.###).## ..#
#.## .#.....# #.#
## .#.....# #.#
.#.....### #.#
.#.....#.# ..#
#....#.#


You could see Grinder.

Vanquished Creatures
  An orc wizard (D:3)
  2 adders (D:2)
  2 oozes
  2 worms (D:2)
  3 dart slugs (D:1)
  5 giant geckos
  7 orcs (D:3)
  5 giant cockroaches
  7 goblins
  7 hobgoblins
  8 bats
  6 giant newts
  13 kobolds
  7 rats
75 creatures vanquished.

Notes
Turn   | Place    | Note
--------------------------------------------------------------
     0 | D:1      | Nedvokis the Deep Elf Fire Elementalist began the quest for the Orb.
     0 | D:1      | Reached XP level 1. HP: 10/10 MP: 6/6
   221 | D:1      | Reached XP level 2. HP: 15/15 MP: 4/8
   567 | D:1      | Reached skill level 4 in Spellcasting
   587 | D:1      | Reached XP level 3. HP: 18/19 MP: 4/10
   939 | D:2      | Noticed Ijyb
  1111 | D:2      | Reached XP level 4. HP: 19/24 MP: 4/12
  1240 | D:2      | Found a sparkling altar of Nemelex Xobeh.
  1331 | D:2      | Learned a level 1 spell: Flame Tongue
  1722 | D:2      | Found a sparkling altar of Nemelex Xobeh.
  1907 | D:3      | Reached skill level 5 in Spellcasting
  1913 | D:3      | Reached XP level 5. HP: 16/28 MP: 5/14
  2062 | D:3      | Noticed Grinder
  2104 | D:3      | Paralysed by Grinder for 5 turns
  2113 | D:3      | Killed from afar by Grinder

Skill      XL: |  1  2  3  4 |
---------------+-------------+-----
Spellcasting   | 4 5 |  5.5
Fire Magic     | 4 |  4.2
Stealth        | 3 |  3.4
Dodging        | |  2.9
Conjurations   | |  1.3

Action                   |  1- 3 |  4- 6 || total
-------------------------+-------+-------++-------
Melee: Unarmed           |       |     1 ||     1
 Cast: Flame Tongue      |    84 |    66 ||   150
  Use: Scroll            |       |     6 ||     6
  Eat: Chunk             |       |     3 ||     3
Armor: Robe              |     3 |     4 ||     7
Dodge: Dodged            |    19 |     9 ||    28
